 Dungeon Crawl Stone Soup version 0.29-a0-231-g945431f764 (webtiles) character file.

Game seed: 15738339302049153320

5763 Morbidden the Changer (level 10, 0/83 HPs)
             Began as a Green Draconian Transmuter on Feb 28, 2022.
             Was an Elder of Cheibriados.
             Slain by an acid dragon (10 damage)
             ... on level 10 of the Dungeon.
             The game lasted 00:14:49 (11426 turns).

Morbidden the Changer (Green Draconian Transmuter) Turns: 11426, Time: 00:14:50

Health: 0/83       AC: -4    Str: 26    XL:     10   Next: 49%
Magic:  1/19       EV: 20    Int: 29    God:    Cheibriados [****..]
Gold:   579        SH:  0    Dex: 20    Spells: 12/21 levels left

rFire   . . .      SeeInvis .   i - +8 dagger of Awkwardness {drain, rElec}
rCold   . . .      Faith    .   (no shield)
rNeg    . . .      Spirit   .   (body armour unavailable)
rPois   +          Reflect  .   (helmet currently unavailable)
rElec   +          Harm     .   (no cloak)
rCorr   .          Rampage  .   f - +0 pair of gloves
Will    .....                   (boots currently unavailable)
Stlth   +++.......              (no amulet)
HPRegen 0.23/turn               d - +6 ring of intelligence
MPRegen 0.16/turn               N - +4 ring of evasion

@: appendages, wereblooded, corroded, very slow
A: horns 2, talons 2, breathe noxious fumes, AC +7, unfitting armour, poison
resistance, cold-blooded
a: Breathe Noxious Fumes, End Transformation, Renounce Religion, Bend Time,
Temporal Distortion, Slouch


You were on level 10 of the Dungeon.
You worshipped Cheibriados.
Cheibriados was greatly pleased with you.
You had temporarily grown beastly horns and talons.
You visited 2 branches of the dungeon, and saw 11 of its levels.

You collected 579 gold pieces.

Inventory:

Hand Weapons
 i - the +8 dagger of Awkwardness (weapon) {drain, rElec}
   (You found it on level 2 of the Dungeon)

   A truly terrible weapon, it drains the life of any living foe it strikes.
   rElec:     It insulates you from electricity.
 n - a +2 dagger of venom
 t - a +2 dagger of electrocution
 D - a +0 arbalest
Missiles
 B - 4 javelins
 G - 21 poisoned darts (quivered)
Armour
 f - a +0 pair of gloves (worn)
Jewellery
 d - a +6 ring of intelligence (left hand)
 o - a ring of willpower
 p - a ring of magical power
 v - a ring of wizardry
 N - a +4 ring of evasion (right hand)
Wands
 h - a wand of flame (27)
 w - a wand of acid (6)
 H - a wand of paralysis (11)
 J - a wand of charming (4)
 L - a wand of iceblast (3)
 O - a wand of polymorph (6)
Scrolls
 a - 10 scrolls of identify {unknown}
 b - 2 scrolls of teleportation {unknown}
 g - 3 scrolls of fear {unknown}
 j - a scroll of blinking {unknown}
 k - 2 scrolls of summoning {unknown}
 q - 4 scrolls of vulnerability {unknown}
 r - 2 scrolls of enchant weapon {unknown}
 s - 2 scrolls of fog {unknown}
 x - a scroll of amnesia {unknown}
 y - a scroll of brand weapon {unknown}
 I - a scroll of silence {unknown}
Potions
 c - a potion of cancellation {unknown}
 e - a potion of lignification {unknown}
 l - 3 potions of resistance
 m - a potion of haste {unknown}
 u - a potion of heal wounds {unknown}
 z - a potion of brilliance {unknown}
 A - 2 potions of might {unknown}
 C - a potion of flight {unknown}
 E - a potion of curing {unknown}
 F - a potion of degeneration {unknown}
 K - a potion of attraction {unknown}
 M - a potion of mutation {unknown}


   Skills:
 * Level 6.1 Fighting
 + Level 5.7 Short Blades
 + Level 0.3 Throwing
 * Level 6.4 Dodging
 + Level 3.0 Stealth
 + Level 3.7 Unarmed Combat
 * Level 6.4 Spellcasting
 * Level 3.1 Necromancy
 * Level 6.8 Transmutations
 - Level 3.0 Poison Magic
 * Level 3.9 Invocations


You had 12 spell levels left.
You knew the following spells:

 Your Spells              Type           Power      Damage    Failure   Level
a - Vampiric Draining     Necr           27%        2d7       4%          3
c - Spider Form           Tmut/Pois      37%        N/A       2%          3
x - Beastly Appendage     Tmut           96%        N/A       1%          1
z - Wereblood             Tmut           48%        N/A       1%          2

Your spell library contained the following spells:

 Spells                   Type           Power      Damage    Failure   Level
 Pain                     Necr           100%       1d9       1%          1
 Slow                     Hex            36%        N/A       5%          1
 Ensorcelled Hibernation  Hex/Ice        18%        N/A       9%          2
 Ice Form                 Ice/Tmut       29%        N/A       13%         4
 Confusing Touch          Hex            9%         N/A       16%         3
 Anguish                  Hex/Necr       9%         N/A       28%         4
 Agony                    Necr           27%        N/A       38%         5
 Excruciating Wounds      Necr           13%        N/A       38%         5


Dungeon Overview and Level Annotations

Branches:
Dungeon (10/15)            Temple (1/1) D:4            Lair (0/6) D:10
    Orc: D:9-12

Altars:
Ashenzari
Cheibriados
Dithmenos
Elyvilon
Fedhas
Gozag
Hepliaklqana
Kikubaaqudgha
Makhleb
Nemelex Xobeh
Okawaru
Qazlal
Ru
Sif Muna
Trog
Uskayaw
Vehumet
Wu Jian
Xom
Yredelemnul
Zin

Shops:
D:1 [(=   D:4 [   D:5 !


Innate Abilities, Weirdness & Mutations

You have temporarily grown beastly horns and talons.
You can breathe blasts of noxious fumes.
Your lurid green scales are hard. (AC +7)
You cannot fit into any form of body armour.
Your system is resistant to poisons. (rPois)
You are cold-blooded and may be slowed by cold attacks.


Message History

Unknown command.
You hit the acid dragon.
The acid dragon is moderately wounded.
The kobold barely misses you.
Unknown command.
You hit the acid dragon but do no damage.
Your kick misses the acid dragon.
The acid dragon is moderately wounded.
The acid dragon completely misses you. The acid dragon claws you.
The kobold misses you.
You closely miss the acid dragon. Your kick misses the acid dragon.
Your tail-slap misses the acid dragon.
The acid dragon is moderately wounded.
The acid dragon bites you! The acid dragon closely misses you.
The kobold completely misses you.
Unknown command.
You hit the acid dragon but do no damage.
You claw the acid dragon.
The acid dragon is moderately wounded.
The acid dragon spits acid at you. The splash of acid hits you!!
* * * LOW HITPOINT WARNING * * *
The acid corrodes you!
You barely miss the acid dragon. You claw the acid dragon.
The acid dragon is heavily wounded.
The kobold closely misses you.
Unknown command.
Okay, then.
Okay, then.
Aiming: Corrosive Bolt
Press: ? - help, Shift-Dir - straight line, f - kobold
Aim: a kobold, wielding a +0 short sword (64% to hit)
Okay, then.
Unknown command.
Aiming: Paralyse
Press: ? - help, Shift-Dir - straight line, f - acid dragon
Aim: an acid dragon (heavily wounded, chance to affect: 49%)
The acid dragon resists with some effort.
The acid dragon bites you!
You die...

#...# >...#
#...# #...#
#...# #...#
#...# #...#
#<..# #...#
#...# #...#
#...# #.KD#
#...# #..@#
#...# #...#
#...# #..>#
#...#
.####...###...#
...[<.........#
###############


You could see an acid dragon and a kobold.

Vanquished Creatures
  Joseph (D:8)
  A troll (D:10)
  Prince Ribbit (D:6)
  A wraith (D:9)
  A wyvern (D:8)
  4 yaks (D:9)
  A steam dragon (D:8)
  An acid dragon (D:8)
  Pargi (D:3)
  2 orc warriors (D:7)
  An ice beast (D:5)
  3 ogres
  4 centaurs
  A phantom (D:4)
  5 kobold brigands
  2 bullfrogs
  2 necrophages
  A gnoll sergeant (D:7)
  4 scorpions
  5 wights (D:9)
  17 killer bees
  A gnoll shaman (D:7)
  7 orc priests
  A jelly (D:7)
  2 hounds
  2 iguanas
  Terence (D:3)
  8 orc wizards
  A scorpion zombie (D:4)
  A hound zombie (D:4)
  16 gnolls
  9 adders
  3 shadow imps
  3 adder zombies (D:4)
  2 worms
  5 dart slugs
  23 orcs
  5 bats
  5 endoplasms
  4 giant cockroaches
  6 goblins
  7 hobgoblins
  8 jackals (D:3)
  3 quokkas
  13 ball pythons
  7 frilled lizards
  28 kobolds
  2 rats (D:1)
232 creatures vanquished.

Notes
Turn   | Place    | Note
-------+----------+-------------------------------------------
     0 | D:1      | Morbidden the Draconian Transmuter began the quest for the
                  | Orb.
     0 | D:1      | Reached XP level 1. HP: 16/16 MP: 3/3
    73 | D:1      | Found Yliru's Armour Shop.
   276 | D:1      | Reached XP level 2. HP: 23/23 MP: 3/5
  1120 | D:1      | Reached XP level 3. HP: 25/28 MP: 6/6
  1240 | D:1      | Found Cuwel's Weapon Shoppe.
  1335 | D:1      | Found Hekifei's Jewellery Shoppe.
  1525 | D:1      | Learned a level 3 spell: Spider Form
  1753 | D:2      | Identified the +8 dagger of Awkwardness {drain, rElec}
  1912 | D:2      | Found a faded altar of an unknown god.
  2383 | D:3      | Reached XP level 4. HP: 32/35 MP: 7/7
  2481 | D:3      | Learned a level 2 spell: Wereblood
  2509 | D:3      | Reached XP level 5. HP: 30/41 MP: 5/9
  2662 | D:3      | Noticed Pargi
  2679 | D:3      | Killed Pargi
  2680 | D:3      | Reached skill level 1 in Poison Magic
  2680 | D:3      | Reached XP level 6. HP: 41/48 MP: 7/10
  2728 | D:3      | Noticed Terence
  2737 | D:3      | Killed Terence
  2912 | D:3      | Found an ornate altar of the Wu Jian Council.
  3011 | D:4      | Found a staircase to the Ecumenical Temple.
  3020 | Temple   | Entered the Ecumenical Temple
  3367 | D:4      | Found a basalt altar of Yredelemnul.
  3383 | D:4      | Reached skill level 1 in Short Blades
  3392 | D:4      | Found a glowing silver altar of Zin.
  3607 | D:4      | Found Vaulus's Armour Emporium.
  4020 | D:4      | Your scales start taking on a lurid green colour.
  4020 | D:4      | Reached XP level 7. HP: 31/56 MP: 12/12
  4020 | D:4      | Gained mutation: Your system is resistant to poisons.
                  | (rPois) [Green Draconian growth]
  4313 | D:4      | Found a snail-covered altar of Cheibriados.
  4382 | D:5      | Entered Level 5 of the Dungeon
  4916 | D:5      | Found a shimmering altar of Xom.
  4917 | D:5      | Found a shimmering altar of Xom.
  4918 | D:5      | Found a shimmering altar of Xom.
  5140 | D:5      | Found Ahit's Distillery.
  5285 | D:5      | Reached skill level 5 in Transmutations
  5285 | D:5      | Reached XP level 8. HP: 20/64 MP: 12/14
  5520 | D:5      | Reached skill level 1 in Stealth
  6138 | D:4      | Became a worshipper of Cheibriados the Contemplative
  6260 | D:6      | Noticed Prince Ribbit
  6277 | D:6      | Killed Prince Ribbit
  6282 | D:6      | Reached skill level 5 in Spellcasting
  6884 | D:7      | Reached skill level 1 in Invocations
  6884 | D:7      | Reached XP level 9. HP: 43/72 MP: 16/16
  7011 | D:7      | Reached * piety under Cheibriados
  7657 | D:7      | Found an opulent altar of Gozag.
  7671 | D:7      | Reached skill level 5 in Dodging
  7701 | D:7      | Reached skill level 5 in Fighting
  8516 | D:7      | Reached ** piety under Cheibriados
  8763 | D:7      | Learned a level 3 spell: Vampiric Draining
  8912 | D:8      | Found a stormy altar of Qazlal.
  9054 | D:8      | Reached skill level 5 in Short Blades
  9058 | D:8      | Noticed Joseph
  9076 | D:8      | Killed Joseph
  9077 | D:8      | Reached skill level 1 in Necromancy
  9558 | D:8      | Reached *** piety under Cheibriados
  9624 | D:8      | Reached XP level 10. HP: 48/83 MP: 18/18
 11215 | D:9      | Found a hazy altar of Hepliaklqana.
 11216 | D:9      | Found a broken altar of Ashenzari.
 11384 | D:10     | Entered Level 10 of the Dungeon
 11403 | D:10     | Found a staircase to the Lair.
 11410 | D:10     | Identified the +4 shortbow of Mastery {venom, Int+3}
 11413 | D:10     | Reached **** piety under Cheibriados
 11426 | D:10     | Slain by an acid dragon

Illustrated notes

Levels and vault maps discovered:
D:1:      dpeg_arrival_central, layout_loops_ring, serial_shops,
          nicolae_shop_statue_plus, shop_fountains, shop_statue
D:2:      layout_basic, serial_forest, infiniplex_forest_clump_C,
          infiniplex_forest_clump_C, infiniplex_forest_end_2,
          infiniplex_forest_end_double, infiniplex_forest_clump_double,
          infiniplex_forest_lined_room_3, infiniplex_forest_corner_1,
          infiniplex_forest_lined_ring, infiniplex_forest_clump_C,
          shapermc_ecumenical_altar_mp_highgroup, kennysheep_generic_room_6
D:3:      layout_basic, lemuel_doored_altar, uniq_terence, uniq_pargi
D:4:      layout_rooms, chei_slow_surprise, nicolae_yredelemnul_corpse_copse,
          mainiacjoe_overflow_catwalk, minmay_temple_entry_wispy, serial_shops,
          shop, kennysheep_generic_room_14
D:5:      layout_loops_ring, xom_redecorated, serial_shops, nicolae_shop_crystal
D:6:      layout_basic, uniq_prince_ribbit1
D:7:      layout_loops_cross, nicolae_gozag_cash_rules_everything_around_me,
          hangedman_decor_growths
D:8:      layout_basic, kennysheep_little_box, uniq_joseph
D:9:      layout_irregular_city, mainiacjoe_overflow_divided_tiny
D:10:     layout_long_grid, mainiacjoe_overflow_brackets, lair_entry_dummy,
          uniq_harold, uniq_urug, uniq_psyche, uniq_josephine
Temple:   hc_temple_tempest_star

Skill      XL: |  1  2  3  4  5  6  7  8  9 10 |
---------------+-------------------------------+-----
Dodging        | 2 3 4 5 6 |  6.4
Transmutations | 3 4 5 6 |  6.8
Spellcasting   | 3 4 5 6 |  6.4
Fighting       | 2 3 4 5 6 |  6.1
Poison Magic   | 1 2 3 |  3.0
Short Blades   | 1 2 4 5 |  5.7
Stealth        | 2 3 |  3.0
Invocations    | 1 3 |  3.9
Necromancy     | 1 3 |  3.1
Throwing       | |  0.3
Unarmed Combat | |  3.7

Action                   |  1- 3 |  4- 6 |  7- 9 | 10-12 || total
-------------------------+-------+-------+-------+-------++-------
Melee: Unarmed           |    90 |       |    13 |       ||   103
       Kick              |    21 |    17 |    28 |    33 ||    99
       Tailslap          |     7 |     7 |    26 |    16 ||    56
       Headbutt          |    10 |     6 |    18 |    17 ||    51
       Punch             |     3 |     2 |     5 |     3 ||    13
       Dagger            |    22 |    96 |   283 |   106 ||   507
Throw: Dart              |       |       |       |     7 ||     7
 Cast: Beastly Appendage |    27 |    11 |    19 |    12 ||    69
       Wereblood         |       |     6 |     9 |     5 ||    20
       Spider Form       |       |       |     1 |       ||     1
       Vampiric Draining |       |       |       |     6 ||     6
Invok: Bend Time         |       |       |     2 |     2 ||     4
 Abil: Breathe Noxious F |       |       |    10 |     2 ||    12
       End Transformatio |       |       |     1 |     1 ||     2
Evoke: Wand              |       |       |       |     1 ||     1
 Stab: Sleeping          |     1 |       |     2 |       ||     3
       Confused          |       |       |     3 |     2 ||     5
       Distracted        |       |       |     2 |       ||     2
Armor: Skin              |    27 |    40 |    84 |    38 ||   189
Dodge: Dodged            |    74 |    64 |   195 |   150 ||   483

Table legend: (Time is in decaauts)
 A = Elapsed time spent in this place.
 B = Non-inter-level travel time spent in this place.
 C = Inter-level travel time spent in this place.
 D = Time resting spent in this place.
 E = Time spent auto-exploring this place.
 F = Levels seen in this place.
 G = Mean time per level.
                   A        B        C        D        E       F      G
               +--------+--------+--------+--------+--------+-----+--------+
         Total |  12537 |  11924 |    613 |   1108 |   9298 |  11 | 1139.7 |
       Dungeon |  12198 |  11612 |    586 |   1108 |   8998 |  10 | 1219.8 |
        Temple |    338 |    311 |     27 |      0 |    300 |   1 |  338.0 |
               +--------+--------+--------+--------+--------+-----+--------+

Top non-repeatable levels by time:
     D:7: 2190 daAuts
     D:9: 1860 daAuts
     D:1: 1640 daAuts
     D:8: 1582 daAuts
     D:5: 1388 daAuts
     D:4: 1009 daAuts
     D:6: 1001 daAuts
     D:2: 837 daAuts
     D:3: 640 daAuts
  Temple: 338 daAuts
    D:10: 48 daAuts
